 Dungeon Crawl Stone Soup version 0.30-a0-591-g3c58d2bc28 (webtiles) character file.

Game seed: 3049975911287094689

8516 Citaku the Protected (level 11, 0/99 HPs)
             Began as a Minotaur Fighter on Jan 6, 2023.
             Slain by an orc high priest
             ... wielding a +0 war axe
              (5 damage)
             ... in a bailey.
             The game lasted 00:15:55 (9537 turns).

Citaku the Protected (Minotaur Fighter)             Turns: 9537, Time: 00:15:56

Health: 0/99       AC: -6    Str: 23    XL:     11   Next: 10%
Magic:  0/10       EV:  7    Int:  5    God:
Gold:   633        SH:  4    Dex: 12    Spells: 10/10 levels left

rFire   . . .      SeeInvis .    a - +0 war axe
rCold   . . .      Faith    .    c - +0 buckler
rNeg    . . .      Spirit   +    d - +0 plate armour
rPois   .          Reflect  .    (helmet restricted)
rElec   .          Harm     .    n - +0 cloak
rCorr   .          Rampage  .    w - +1 pair of gloves
Will    +....                    e - +0 pair of boots Stlth
                                 y - amulet of guardian spirit
HPRegen 0.36/turn                k - ring of willpower
MPRegen 0.12/turn                (no ring)

@: about to teleport, corroded
A: horns 2, retaliatory headbutt
a: no special abilities


You were in a bailey.
You visited 1 branch of the dungeon, and saw 9 of its levels.
You also visited: Bailey.

You collected 633 gold pieces.

Inventory:

Hand Weapons
 a - a +0 war axe (weapon)
Armour
 c - a +0 buckler (worn)
 d - a +0 plate armour (worn)
 e - a +0 pair of boots (worn)
 n - a +0 cloak (worn)
 w - a +1 pair of gloves (worn)
Jewellery
 h - a +6 ring of dexterity
 k - a ring of willpower (left hand)
 y - an amulet of guardian spirit (around neck)
Wands
 j - a wand of polymorph (14)
 B - a wand of flame (15)
 C - a wand of light (3)
Scrolls
 b - a scroll of amnesia
 f - 4 scrolls of teleportation
 g - 3 scrolls of vulnerability
 i - 3 scrolls of torment
 m - a scroll of acquirement
 p - a scroll of fog
 x - a scroll of magic mapping
Potions
 l - a potion of mutation
 o - 2 potions of magic
 q - a potion of curing
 s - a potion of attraction
 t - a potion of flight


   Skills:
 + Level 10.0 Fighting
 * Level 13.1 Axes
 * Level 13.4 Armour
 - Level 3.6 Shields


You had 10 spell levels left.
You didn't know any spells.
Your spell library contained the following spells:

 Spells                   Type           Power      Damage    Failure   Level
 Freeze                   Ice            0%         1d3       100%        1
 Necrotise                Necr           0%         1d4       100%        1
 Sandblast                Erth           0%         2d4       100%        1
 Slow                     Hex            0%         N/A       100%        1
 Sting                    Tmut/Pois      0%         1d3       100%        1
 Blink                    Tloc           0%         N/A       100%        2
 Passwall                 Tmut/Erth      0%         N/A       100%        2
 Poisonous Vapours        Pois/Air       0%         N/A       100%        2
 Confusing Touch          Hex            0%         N/A       100%        3
 Frozen Ramparts          Ice            0%         1d1       100%        3
 Hailstorm                Conj/Ice       0%         3d3       100%        3
 Ignite Poison            Fire/Tmut/Pois 0%         N/A       100%        3
 Stone Arrow              Conj/Erth      0%         3d7       100%        3
 Summon Guardian Golem    Hex/Summ       0%         N/A       100%        3
 Vampiric Draining        Necr           0%         2d6       100%        3
 Animate Armour           Summ/Erth      0%         N/A       100%        4
 Ice Form                 Ice/Tmut       0%         N/A       100%        4
 Manifold Assault         Tloc           0%         N/A       100%        4
 Olgreb's Toxic Radiance  Pois           0%         N/A       100%        4
 Sticky Flame             Conj/Fire      0%         2d3       100%        4
 Summon Ice Beast         Ice/Summ       0%         N/A       100%        4
 Agony                    Necr           0%         N/A       100%        5
 Summon Forest            Summ/Tloc      0%         N/A       100%        5
 Summon Mana Viper        Hex/Summ       0%         N/A       100%        5
 Summon Cactus Giant      Summ           0%         N/A       100%        6
 Orb of Destruction       Conj           0%         9d5       100%        7
 Spellforged Servitor     Conj/Summ      0%         N/A       100%        7
 Storm Form               Tmut/Air       0%         N/A       100%        7
 Ignition                 Fire           0%         3d3       100%        8
 Lehudib's Crystal Spear  Conj/Erth      0%         10d2      100%        8


Dungeon Overview and Level Annotations

Branches:
Dungeon (9/15)             Temple (0/1) D:6          Bailey (1/1)
   Lair: D:8-11         Orc: D:9-12

Altars:
Yredelemnul

Shops:
D:1 *   D:4 *


Innate Abilities, Weirdness & Mutations

You have a pair of horns on your head.
You reflexively headbutt those who attack you in melee.


Message History

You headbutt the rust devil, but do no damage.
The kobold demonologist hits you but does no damage.
The rust devil hits you! The rust devil corrodes you!
The orc high priest hits you with a +0 war axe!
You barely miss the orc high priest.
The orc high priest is heavily wounded.
You hit the rust devil. You closely miss the rust devil.
You hit the kobold demonologist but do no damage.
The rust devil hits you. The rust devil corrodes you!
The kobold demonologist hits you with a +0 war axe!
The rust devil hits you.
* * * LOW HITPOINT WARNING * * *
The rust devil corrodes you!
The orc high priest hits you with a +0 war axe.
* * * LOW HITPOINT WARNING * * *
You hit the orc high priest but do no damage.
The orc high priest is heavily wounded.
You hit the rust devil.
You hit the rust devil but do no damage.
You hit the kobold demonologist but do no damage.
The rust devil hits you.
* * * LOW HITPOINT WARNING * * *
The rust devil corrodes you!
The kobold demonologist hits you with a +0 war axe.
* * * LOW HITPOINT WARNING * * *
The rust devil hits you.
* * * LOW HITPOINT WARNING * * *
The rust devil corrodes you!
The orc high priest hits you with a +0 war axe!
* * * LOW HITPOINT WARNING * * *
As you read the scroll of teleportation, it crumbles to dust.
You feel strangely unstable. The rust devil hits you.
* * * LOW HITPOINT WARNING * * *
The rust devil corrodes you!
The kobold demonologist hits you with a +0 war axe.
* * * LOW HITPOINT WARNING * * *
The rust devil barely misses you. You furiously retaliate!
You headbutt the rust devil.
The orc high priest hits you with a +0 war axe.
You die...

≈≈≈≈≈###..######.######..###≈≈≈≈≈
≈≈≈≈≈#....#[[.#...#.?!#....#≈≈≈≈≈
≈≈≈≈≈#.)..#[[.#...#.!!#....#≈≈≈≈≈
≈≈≈≈≈#'#'##+###8.8###+##)#'#≈≈≈≈≈
≈≈≈≈≈~.#).# #...# #))#.~≈≈≈≈≈
≈≈≈≈≈~.#..# #8§8# #..#.~≈≈≈≈≈
≈≈≈≈≈~.#..# #§§§# #..#.~≈≈≈≈≈
≈≈≈≈≈~.#)[# #4§§# #..#.~≈≈≈≈≈
≈≈≈≈≈~.#))# ##@## #.)#.~≈≈≈≈≈
≈≈≈≈≈~.##'#...§4Ko....#)##.~≈≈≈≈≈
≈≈≈≈≈~.#..#.§..§_.....#..#.~≈≈≈≈≈
≈≈≈≈≈~.#.8#...§.......#8.#.~≈≈≈≈≈
≈≈≈≈≈~.#..#...........#..#.~≈≈≈≈≈
≈≈≈≈≈~.#.8#############8.#.~≈≈≈≈≈
≈≈≈≈≈~.#.....#######.....#.~≈≈≈≈≈
≈≈≈≈≈~.#.8...#.....#...8.#.~≈≈≈≈≈
≈≈≈≈≈~.#.....#.....#.....#.~≈≈≈≈≈


You could see an orc high priest, 2 rust devils and a kobold demonologist.

Vanquished Creatures
  A two-headed ogre (D:8)
  Pikel (D:6)
  3 orc knights (Bailey)
  Grinder (D:5)
  Sigmund (D:5)
  A shadow (D:8)
  Eustachio (D:5)
  4 wyverns
  Menkaure (D:6)
  A water moccasin (D:8)
  12 orc warriors
  3 sky beasts
  2 black bears
  2 ice beasts
  4 ogres
  A centaur (D:8)
  2 lemures (D:6)
  A phantom (D:5)
  A kobold brigand (D:7)
  3 necrophages
  5 bullfrogs
  5 scorpions
  9 wights
  4 electric eels (Bailey)
  3 howler monkeys
  A hound (D:6)
  2 jellies
  4 orc priests
  Ijyb (D:5)
  8 orc wizards
  4 iguanas
  Natasha (twice) (D:3)
  6 adders
  11 gnolls
  3 shadow imps
  2 white imps
  A worm (D:2)
  4 dart slugs
  24 orcs
  3 bats
  An endoplasm (D:3)
  2 giant cockroaches
  13 goblins
  8 hobgoblins
  2 quokkas
  2 ball pythons
  3 frilled lizards
  5 kobolds
  7 rats
191 creatures vanquished.

Vanquished Creatures (others)
  An orc (Bailey)
1 creature vanquished.

Grand Total: 192 creatures vanquished

Notes
Turn   | Place    | Note
-------+----------+-------------------------------------------
     0 | D:1      | Citaku the Minotaur Fighter began the quest for the Orb.
     0 | D:1      | Reached XP level 1. HP: 19/19 MP: 0/0
    93 | D:1      | Found a faded altar of an unknown god.
   112 | D:1      | Found Liguptoh's General Store.
   319 | D:1      | Reached XP level 2. HP: 27/27 MP: 1/1
   915 | D:2      | You fall into a shaft and drop 1 floor!
   962 | D:3      | Found a basalt altar of Yredelemnul.
  1120 | D:3      | Reached XP level 3. HP: 33/33 MP: 2/2
  1489 | D:3      | Reached XP level 4. HP: 31/40 MP: 3/3
  1549 | D:3      | Reached skill level 5 in Armour
  1696 | D:3      | Reached XP level 5. HP: 47/47 MP: 4/4
  1813 | D:3      | Noticed Natasha
  1817 | D:3      | Killed Natasha
  1982 | D:3      | Noticed Natasha
  1987 | D:3      | Killed Natasha
  2482 | D:4      | Noticed an ogre
  2495 | D:4      | Killed an ogre
  2496 | D:4      | Reached skill level 5 in Axes
  2496 | D:4      | Reached XP level 6. HP: 32/55 MP: 5/5
  2664 | D:4      | Reached skill level 5 in Fighting
  2793 | D:4      | Found Xeyb's General Store.
  3204 | D:5      | Entered Level 5 of the Dungeon
  3218 | D:5      | Reached XP level 7. HP: 53/61 MP: 4/6
  3542 | D:5      | Noticed Ijyb
  3555 | D:5      | Killed Ijyb
  3862 | D:5      | Noticed Eustachio
  3875 | D:5      | Killed Eustachio
  3876 | D:5      | Reached XP level 8. HP: 67/70 MP: 7/7
  3883 | D:5      | Noticed Grinder
  3884 | D:5      | Noticed Sigmund
  3894 | D:5      | Killed Grinder
  3901 | D:5      | Killed Sigmund
  4618 | D:6      | Noticed Menkaure
  4771 | D:6      | Noticed Pikel
  4775 | D:6      | Killed Menkaure
  4776 | D:6      | Reached XP level 9. HP: 76/79 MP: 2/8
  4784 | D:6      | Killed Pikel
  4785 | D:6      | Reached skill level 10 in Armour
  4969 | D:6      | Reached skill level 10 in Axes
  4970 | D:6      | Found a staircase to the Ecumenical Temple.
  5764 | D:7      | Found Lotzir Neidu's Jewellery Shoppe.
  6851 | D:7      | Reached XP level 10. HP: 90/90 MP: 3/9
  7122 | D:8      | Noticed a two-headed ogre
  7140 | D:8      | Killed a two-headed ogre
  7995 | D:9      | Found a flagged portal.
  8004 | Bailey   | Entered a bailey
  8117 | Bailey   | Noticed an orc knight
  8129 | Bailey   | Killed an orc knight
  8204 | Bailey   | Noticed an orc knight
  8218 | Bailey   | Killed an orc knight
  8528 | Bailey   | Noticed an orc knight
  8547 | Bailey   | Killed an orc knight
  8548 | Bailey   | Reached XP level 11. HP: 68/99 MP: 7/10
  9404 | Bailey   | Reached skill level 10 in Fighting
  9520 | Bailey   | Found an iron altar of Okawaru.
  9520 | Bailey   | Noticed an orc high priest
  9537 | Bailey   | Slain by an orc high priest

Illustrated notes

Levels and vault maps discovered:
D:1:      dpeg_arrival_renting, layout_basic, serial_shops, shop,
          shapermc_ecumenical_altar_notcrosses
D:2:      layout_rooms, serial_glass, glass_columns_c, glass_columns_b,
          corner_web_ring, dk_noncrumbling_2
D:3:      layout_basic, overflow_temple_1_default, minmay_misc_feat_rugged,
          uniq_natasha
D:4:      layout_basic, nicolae_stop_n_shop_1, nicolae_titane
D:5:      kennysheep_spiral_hall, layout_basic, uniq_ijyb, uniq_grinder,
          uniq_eustachio, uniq_sigmund
D:6:      layout_loops_ring, minmay_temple_entry_junction_2, uniq_pikel,
          uniq_menkaure
D:7:      layout_cave_pods, serial_shops, nicolae_shop_hallway_stairs,
          kennysheep_small_circle
D:8:      layout_rooms, minmay_alternating_orb
D:9:      layout_irregular_city, general_overflow_altar, old_standard_altar,
          minitemple, enter_bailey_2, minmay_fractal_squares_gapless_5,
          uniq_harold, uniq_joseph, uniq_erica
Bailey:   bailey_axe_of_yendor_kennysheep, bailey

Skill      XL: |  1  2  3  4  5  6  7  8  9 10 11 |
---------------+----------------------------------+-----
Armour         | 4 5 6 8 9 11 13 | 13.4
Axes           | 3 4 5 6 7 9 11 13 | 13.1
Fighting       | 4 5 6 7 8 9 10 | 10.0
Shields        | |  3.6

Action                   |  1- 3 |  4- 6 |  7- 9 | 10-12 || total
-------------------------+-------+-------+-------+-------++-------
Melee: War axe           |    72 |    62 |    87 |    86 ||   307
       Headbutt          |     6 |    10 |    40 |    54 ||   110
       Hand axe          |       |       |   152 |   174 ||   326
  Use: Potion            |       |       |    13 |     3 ||    16
       Scroll            |       |       |    10 |     5 ||    15
Armor: Scale mail        |    46 |    20 |    47 |       ||   113
       Leather armour    |       |       |    58 |    63 ||   121
       Plate armour      |       |       |       |    32 ||    32
Dodge: Dodged            |    43 |    30 |   105 |    86 ||   264
Block: Buckler           |    23 |    17 |    51 |    43 ||   134

Table legend: (Time is in decaauts)
 A = Elapsed time spent in this place.
 B = Non-inter-level travel time spent in this place.
 C = Inter-level travel time spent in this place.
 D = Time resting spent in this place.
 E = Time spent auto-exploring this place.
 F = Levels seen in this place.
 G = Mean time per level.
                   A        B        C        D        E       F      G
               +--------+--------+--------+--------+--------+-----+--------+
         Total |   9534 |   9534 |      0 |   1160 |   6082 |  10 |  953.4 |
       Dungeon |   8008 |   8008 |      0 |    643 |   5510 |   9 |  889.8 |
        Bailey |   1525 |   1525 |      0 |    517 |    572 |   1 | 1525.0 |
               +--------+--------+--------+--------+--------+-----+--------+

Top non-repeatable levels by time:
     D:5: 1567 daAuts
  Bailey: 1525 daAuts
     D:3: 1340 daAuts
     D:7: 1186 daAuts
     D:8: 1011 daAuts
     D:6: 967 daAuts
     D:4: 735 daAuts
     D:2: 629 daAuts
     D:1: 543 daAuts
     D:9: 27 daAuts
